AoeStats
← schmeno

Arabia

507828563Analyzed
3v3 RM · 14d ago on Sep 19, 2026· 22m 36s· 6 players
Game mode
Random Map
Map size
Normal (6 player)
Population
200
Speed
Normal
Resources
Standard
Victory
Conquest
Starting age
Dark Age
Ending age
Imperial Age
RankedLock teamsTeams togetherTeam positionsShared explorationLock speedFull tech treeHidden civsTurbo modeCheats
Victory
Defeat
🇺🇸 Mongols · United States
1218
+16
🇺🇸 Franks · United States
1172
+18
🇺🇸 Ethiopians · United States
1126
+20
🇬🇾 Bohemians · Guyana
1236
-19
🇺🇸 Magyars · United States
1217
-18
🇦🇷 Persians · Argentina
1196
-17
Pimbo
3:31 Loom
11:30 Feudal Age
14:12 Double-Bit Axe
17:25 Bloodlines
18:51 Scale Barding Armor
Lord Maysi
6:36 Loom
8:59 Feudal Age
9:34 Double-Bit Axe
19:36 Castle Age
18:06 Gold Mining
17:59 Horse Collar
Twisted Fate
7:06 Loom
10:01 Feudal Age
10:48 Double-Bit Axe
11:36 Horse Collar
14:28 Fletching
16:49 Wheelbarrow
20:26 Castle Age
22:56 Chemistry
22:10 Bow Saw
22:02 Heavy Plow
Tired Cock
7:08 Loom
10:15 Feudal Age
22:52 Scale Barding Armor
schmeno
8:20 Loom
10:27 Feudal Age
11:15 Double-Bit Axe
13:41 Fletching
13:40 Horse Collar
23:27 Castle Age
22:55 Padded Archer Armor
Deputy Dong
8:16 Loom
10:02 Feudal Age
14:09 Castle Age
12:42 Double-Bit Axe
13:18 Horse Collar
19:51 Fletching
21:06 Padded Archer Armor
22:56 Bow Saw
Connection lost

Rejoining the realm…

Still unreachable

The connection could not be restored.

Session expired

The server has moved on; the page needs a fresh start.